 Dungeon Crawl Stone Soup version 0.29-a0-925-g0a7a3d12f8 (webtiles) character file.

Game seed: 10665966925557545056

97 Newt the Covered (level 4, 0/37 HPs)
             Began as a Barachi Fighter on July 28, 2022.
             Was a Follower of Kikubaaqudgha.
             Killed by nerve-wracking pain
             ... invoked by Menkaure
              (7 damage)
             ... on level 4 of the Dungeon.
             The game lasted 00:05:43 (3098 turns).

Newt the Covered (Barachi Fighter)                  Turns: 3098, Time: 00:05:45

Health: 0/37       AC:  9    Str: 19    XL:     4   Next: 68%
Magic:  1/4        EV:  9    Int:  8    God:    Kikubaaqudgha [*.....]
Gold:   232        SH:  4    Dex: 12    Spells: 3/3 levels left

rFire   . . .      SeeInvis +   o - +1 dagger (venom)
rCold   . . .      Faith    .   c - +0 buckler
rNeg    . . .      Spirit   .   b - +0 scale mail
rPois   .          Reflect  .   j - +0 helmet
rElec   .          Harm     .   t - +0 cloak
rCorr   .          Rampage  .   (no gloves)
Will    .....                   (no boots)
Stlth   ..........              (no amulet)
HPRegen 0.12/turn               u - ring of see invisible
MPRegen 0.09/turn               n - +4 ring of slaying

@: slow
A: amphibious, slowness 1, strong legs 1, +LOS
a: Hop, Renounce Religion, Unearth Wretches


You were on level 4 of the Dungeon.
You worshipped Kikubaaqudgha.
Kikubaaqudgha was aware of your devotion.
You visited 1 branch of the dungeon, and saw 4 of its levels.

You collected 232 gold pieces.

Inventory:

Hand Weapons
 a - a +0 long sword
 o - a +1 dagger of venom (weapon)
 p - a +3 dagger of protection
Missiles
 x - 6 silver javelins
Armour
 b - a +0 scale mail (worn)
 c - a +0 buckler (worn)
 j - a +0 helmet (worn)
 t - a +0 cloak (worn)
Jewellery
 f - a ring of resist corrosion
 n - a +4 ring of slaying (right hand)
 u - a ring of see invisible (left hand)
 y - a ring of protection from cold
Wands
 z - a wand of light (12)
Scrolls
 r - 3 scrolls of fear
 s - a scroll of immolation
 A - a scroll of teleportation {unknown}
Potions
 d - a potion of might
 e - a potion of haste {unknown}
 g - 4 potions of heal wounds
 h - a potion of attraction {unknown}
 i - a potion of brilliance {unknown}
 k - a potion of flight {unknown}
 l - a potion of berserk rage {unknown}
 m - a potion of ambrosia {unknown}
 q - 2 potions of curing {unknown}
 v - 2 potions of mutation {unknown}
 w - a potion of degeneration {unknown}


   Skills:
 + Level 4.2 Fighting
 + Level 1.6(2.5) Short Blades
 + Level 3.3(3.6) Long Blades
 + Level 4.4 Armour
 + Level 3.6 Shields
 * Level 0.7 Necromancy


You had 3 spell levels left.
You didn't know any spells.
Your spell library contained the following spells:

 Spells                   Type           Power      Damage    Failure   Level
 Necrotise                Necr           4%         1d4       77%         1
 Sting                    Tmut/Pois      0%         1d3       86%         1
 Sublimation of Blood     Necr           1%         N/A       88%         2
 Ensorcelled Hibernation  Hex/Ice        0%         N/A       94%         2
 Poisonous Vapours        Pois/Air       0%         N/A       94%         2
 Vampiric Draining        Necr           1%         2d6       98%         3
 Spider Form              Tmut/Pois      0%         N/A       99%         3
 Anguish                  Hex/Necr       0%         N/A       100%        4
 Olgreb's Toxic Radiance  Pois           0%         N/A       100%        4


Dungeon Overview and Level Annotations

Branches:
Dungeon (4/15)
 Temple: D:4-7

Altars:
Kikubaaqudgha
Makhleb
Sif Muna

Annotations:
D:4 Menkaure


Innate Abilities, Weirdness & Mutations

You are amphibious.
You cover ground slowly.
You can hop short distances.
You have an extended range of vision and can be seen from far away.


Message History

The black bear claws you but does no damage.
The black bear barely misses you.
You hit the black bear.
The black bear looks as sick as possible!
The black bear is moderately wounded.
The black bear bites you. You block the black bear's attack.
The black bear completely misses you.
Menkaure, Prince of Dust comes into view.
You hit the black bear.
The black bear looks as sick as possible!
The black bear is moderately wounded.
A nearby kobold perishes wretchedly.
A nearby rat perishes wretchedly.
The black bear barely misses you.
The black bear claws you but does no damage. x2
You hit the black bear.
The black bear looks as sick as possible!
The black bear is heavily wounded.
You block the black bear's attack.
The black bear claws you but does no damage.
The black bear barely misses you.
You hit the black bear.
The black bear looks as sick as possible!
The black bear is severely wounded.
The black bear goes berserk!
You barely miss the black bear.
The black bear is severely wounded.
The black bear bites you! The black bear claws you.
The black bear closely misses you.
You hit the black bear.
The black bear looks as sick as possible!
The black bear is almost dead.
The black bear closely misses you. You block the black bear's attack. x2
You barely miss the black bear.
The black bear is almost dead.
The black bear bites you! The black bear claws you. x2
* * * LOW HITPOINT WARNING * * *
Menkaure gestures at you while chanting.
Pain shoots through your body!
You die...
Kikubaaqudgha rasps: "You have failed me!
Welcome... death!"

####.....##### .....
#...<......#.#......
#..........(.#....#
#..#.............#
#####............#
##......### .## [.
#......### ..##....
#....#....##=....#
#.....#.....@h.[..#
##...###....†..#..#
##..##...†........
...###..##.....M...
#...# ######...<.#..
##.## #.......
#...... ###.## ##


You could see a black bear (berserk, extremely poisoned) and Menkaure.

Vanquished Creatures
  Robin (D:2)
  2 adders
  A river rat (D:3)
  A worm (D:2)
  An orc (D:3)
  3 ball pythons
  2 bats (D:2)
  3 endoplasms
  A giant cockroach (D:1)
  11 goblins
  8 hobgoblins
  A quokka (D:4)
  4 frilled lizards
  9 kobolds
  5 rats
53 creatures vanquished.

Vanquished Creatures (others)
  A kobold (D:4)
  A rat (D:4)
2 creatures vanquished.

Grand Total: 55 creatures vanquished

Notes
Turn   | Place    | Note
-------+----------+-------------------------------------------
     0 | D:1      | Newt the Barachi Fighter began the quest for the Orb.
     0 | D:1      | Reached XP level 1. HP: 18/18 MP: 1/1
   204 | D:1      | Reached XP level 2. HP: 14/25 MP: 2/2
   779 | D:1      | Found a faded altar of an unknown god.
   782 | D:1      | Prayed at the altar of an unknown god.
   782 | D:1      | Became a worshipper of Kikubaaqudgha
   782 | D:1      | Reached * piety under Kikubaaqudgha
   782 | D:1      | Received a gift from Kikubaaqudgha
  1845 | D:2      | Noticed Robin
  1860 | D:2      | Reached XP level 3. HP: 30/30 MP: 3/3
  1889 | D:2      | Killed Robin
  2042 | D:2      | Found a shimmering blue altar of Sif Muna.
  2210 | D:3      | Reached XP level 4. HP: 32/37 MP: 4/4
  2391 | D:3      | Reached skill level 1 in Short Blades
  2391 | D:3      | Reached ** piety under Kikubaaqudgha
  2770 | D:3      | Found a burning altar of Makhleb.
  3085 | D:4      | Noticed a black bear
  3092 | D:4      | Noticed Menkaure
  3098 | D:4      | Killed from afar by Menkaure

Illustrated notes

Levels and vault maps discovered:
D:1:      giann_forest_graveyard, layout_basic,
          shapermc_ecumenical_altar_mp_vishouse
D:2:      layout_basic, basic_altar, minmay_goblin_kobold_house, uniq_robin
D:3:      layout_basic, lightli_temple_of_fire, portal_sewer_entry_b
D:4:      layout_cave_pools, uniq_menkaure, uniq_blork_the_orc, uniq_edmund

Skill      XL: |  1  2  3  4 |
---------------+-------------+-----
Armour         | 4 |  4.4
Long Blades    | 3 |  3.3
Fighting       | 4 |  4.2
Short Blades   | 1 |  1.6
Shields        | |  3.6
Necromancy     | |  0.7

Action                   |  1- 3 |  4- 6 || total
-------------------------+-------+-------++-------
Melee: Long sword        |    61 |       ||    61
       Dagger            |    52 |    40 ||    92
Invok: Unearth Wretches  |       |     1 ||     1
 Abil: Hop               |     1 |       ||     1
  Use: Scroll            |     3 |     2 ||     5
Armor: Scale mail        |    71 |    24 ||    95
Dodge: Dodged            |    58 |    14 ||    72
Block: Buckler           |    24 |    13 ||    37

Table legend: (Time is in decaauts)
 A = Elapsed time spent in this place.
 B = Non-inter-level travel time spent in this place.
 C = Inter-level travel time spent in this place.
 D = Time resting spent in this place.
 E = Time spent auto-exploring this place.
 F = Levels seen in this place.
 G = Mean time per level.
                   A        B        C        D        E       F      G
               +--------+--------+--------+--------+--------+-----+--------+
         Total |   3523 |   3359 |    164 |    240 |   2664 |   4 |  880.8 |
       Dungeon |   3523 |   3359 |    164 |    240 |   2664 |   4 |  880.8 |
               +--------+--------+--------+--------+--------+-----+--------+

Top non-repeatable levels by time:
     D:1: 1239 daAuts
     D:3: 1179 daAuts
     D:2: 1008 daAuts
     D:4: 95 daAuts
